 Dungeon Crawl Stone Soup version 0.23.2-33-g5129a83184 (webtiles) character file.

Game seed: 2387713700572033546

499 Descartes the Insei (level 7, 0/35 HPs)
             Began as a Vine Stalker Transmuter on July 25, 2019.
             Was a Follower of Dithmenos.
             Killed by divine providence
             ... invoked by an orc priest
              (10 damage)
             ... on level 4 of the Dungeon.
             The game lasted 00:08:39 (3573 turns).

Descartes the Insei (Vine Stalker Transmuter)       Turns: 3573, Time: 00:08:39

Health: 0/35       AC:  6    Str: 14    XL:     7   Next: 16%
Magic:  0/13       EV: 12    Int: 14    God:    Dithmenos [*.....]
Gold:   212        SH:  0    Dex: 14    Spells: 9/12 levels left

rFire    . . .     SeeInvis .     - Unarmed
rCold    . . .     Gourm    .   (no shield)
rNeg     . . .     Faith    .   v - +1 leather armour {MR+}
rPois    .         Spirit   +   (no helmet)
rElec    .         Reflect  .   (no cloak)
rCorr    .         Harm     .   f - +0 pair of gloves
MR       +....                  q - +0 pair of boots
Stlth    ++++......             (no amulet)
HPRegen  0.51/turn              n - ring of stealth
MPRegen  0.13/turn              (no ring)

@: appendage (expiring), wreathed by umbra
A: fangs 2, horns 2, regeneration 1, magic shield, antimagic bite, no potion
heal 3, rot immunity
a: End Transformation, Renounce Religion


You were on level 4 of the Dungeon.
You worshipped Dithmenos.
Dithmenos was aware of your devotion.
You were not hungry.
You had grown temporary horns.
You visited 1 branch of the dungeon, and saw 4 of its levels.

You collected 212 gold pieces.

Inventory:

Missiles
 a - 46 arrows
 e - 44 poisoned needles
 i - 32 sling bullets
 m - 24 bolts
 s - 38 stones (quivered)
 w - 3 curare-tipped needles
Armour
 f - a +0 pair of gloves (worn)
 q - a +0 pair of boots (worn)
 v - a +1 leather armour of magic resistance (worn)
 y - a +0 shield
Jewellery
 n - a ring of stealth (left hand)
Wands
 x - a wand of polymorph (10)
Scrolls
 k - a scroll of random uselessness {unknown}
 l - 2 scrolls of teleportation {unknown}
 o - a scroll of enchant armour {unknown}
 p - 2 scrolls of magic mapping {unknown}
 u - a scroll of remove curse {unknown}
Potions
 b - a potion of cancellation {unknown}
 c - a potion of heal wounds {unknown}
 h - a potion of haste {unknown}
 j - a potion of mutation {unknown}
 r - a potion of ambrosia {unknown}
 t - a potion of agility {unknown}
 z - a potion of curing {unknown}
Comestibles
 d - 10 rations
 g - 5 chunks of flesh


   Skills:
 + Level 2.3 Fighting
 + Level 2.5 Dodging
 + Level 3.0 Stealth
 + Level 0.0 Shields
 * Level 4.6 Unarmed Combat
 + Level 3.3 Spellcasting
 * Level 4.1 Transmutations


You had 9 spell levels left.
You knew the following spells:

 Your Spells              Type           Power        Failure   Level  Hunger
a - Beastly Appendage     Tmut           ##....       4%          1    #......
b - Sticks to Snakes      Tmut           ##......     8%          2    ##.....

Your spell library contained the following spells:

 Spells                   Type           Power        Failure   Level  Hunger
 Spider Form              Tmut/Pois      #.........   34%         3    ###....
 Ice Form                 Ice/Tmut       #.......     75%         4    #####..
 Blade Hands              Tmut           ##........   80%         5    ######.


Dungeon Overview and Level Annotations

Branches:
Dungeon (4/15)
 Temple: D:4-7

Altars:
Dithmenos
Sif Muna


Innate Abilities, Weirdness & Mutations

You have extremely sharp teeth.
Your natural rate of healing is unusually fast.
When hurt, damage is shared between your health and your magic reserves.
Your bite disrupts and absorbs the magic of your enemies.
Potions cannot restore your health.
You are immune to rotting.
You have a pair of horns on your head.


Message History

The orc priest hits you with a +0 flail!
* * * LOW HITPOINT WARNING * * *
The orc priest closely misses you.
Things that are here:
a +0 war axe; a +0 ring mail; an orc corpse You barely miss the orc priest.
Your bite misses the orc priest.
The orc priest is heavily wounded.
You hit the orc priest but do no damage.
You headbutt the orc priest, but do no damage.
You bite the orc priest. You drain its power.
You feel invigorated.
The orc priest is severely wounded.
The orc priest hits you but does no damage.
You hit the orc priest but do no damage.
The orc priest is severely wounded.
The orc priest hits you but does no damage.
You hit the orc priest but do no damage.
The orc priest is severely wounded.
The orc priest mumbles some strange prayers to Beogh against you.
Beogh smites you!
You die...

############ #..........#
#..........# #########
##..........####........
.........รท..............
............####........
............####........
....#######.....o.......
....# #.....@....## ....#
#....).....# ....#
############### ....#
#......# ....####......#
##............# #######
##............###.....##...
................)..........
##..............#.....##...


You could see an orc priest.

Vanquished Creatures
  2 ogres
  4 orc wizards
  An orc priest (D:4)
  2 worker ants (D:4)
  A gnoll (D:1)
  4 adders
  An ooze (D:1)
  A worm (D:2)
  2 dart slugs
  2 leopard geckos
  9 orcs
  3 giant cockroaches
  4 goblins
  12 hobgoblins
  8 kobolds
  5 quokkas
  4 bats (D:1)
  6 frilled lizards
  5 rats
76 creatures vanquished.

Vanquished Creatures (others)
  5 toadstools (D:1)
5 creatures vanquished.

Grand Total: 81 creatures vanquished

Notes
Turn   | Place    | Note
-------+----------+-------------------------------------------
     0 | D:1      | Descartes the Vine Stalker Transmuter began the quest for
                  | the Orb.
     0 | D:1      | Reached XP level 1. HP: 9/9 MP: 4/4
    36 | D:1      | Reached skill level 1 in Fighting
    36 | D:1      | Reached XP level 2. HP: 6/14 MP: 3/6
   428 | D:1      | Reached XP level 3. HP: 17/18 MP: 5/7
   443 | D:1      | Reached skill level 1 in Stealth
  1370 | D:2      | Found a shadowy altar of Dithmenos.
  1382 | D:2      | Gained mutation: Your natural rate of healing is unusually
                  | fast. [Vine Stalker growth]
  1382 | D:2      | Reached XP level 4. HP: 21/22 MP: 8/8
  1394 | D:2      | Became a worshipper of Dithmenos the Shadowed
  1967 | D:2      | Found a deep blue altar of Sif Muna.
  2639 | D:3      | Reached XP level 5. HP: 25/25 MP: 10/10
  2799 | D:3      | Noticed an ogre
  2817 | D:3      | Killed an ogre
  2817 | D:3      | Reached * piety under Dithmenos
  2817 | D:3      | Reached XP level 6. HP: 30/30 MP: 11/11
  2821 | D:3      | Learned a level 2 spell: Sticks to Snakes
  3518 | D:4      | Reached XP level 7. HP: 29/35 MP: 11/13
  3573 | D:4      | Killed from afar by an orc priest

Skill      XL: |  1  2  3  4  5  6  7 |
---------------+----------------------+-----
Fighting       | 1 2 |  2.3
Stealth        | 1 2 3 |  3.0
Dodging        | 2 |  2.5
Transmutations | 3 4 |  4.1
Unarmed Combat | 4 |  4.6
Spellcasting   | 3 |  3.3

Action                   |  1- 3 |  4- 6 |  7- 9 || total
-------------------------+-------+-------+-------++-------
Melee: Unarmed           |    99 |   166 |    13 ||   278
       Bite              |    22 |    43 |     3 ||    68
       Kick              |     8 |     1 |       ||     9
       Headbutt          |     4 |    18 |     2 ||    24
       Punch             |     1 |     3 |     1 ||     5
Throw: Stone             |       |     5 |       ||     5
 Cast: Beastly Appendage |    14 |    23 |     2 ||    39
 Stab: Sleeping          |     1 |     7 |     1 ||     9
  Eat: Chunk             |     2 |     7 |       ||     9
Armor: Robe              |    20 |       |       ||    20
       Leather armour    |     3 |    51 |     5 ||    59
Dodge: Dodged            |    67 |    93 |     2 ||   162
